 Dungeon Crawl Stone Soup version 0.19.0-22-gd96e5fe (webtiles) character file.

3581 Ice the Nimble (level 9, -2/121 HPs)
             Began as a Minotaur Hunter on Nov 18, 2016.
             Was a Believer of Trog.
             Slain by a centaur (7 damage)
             ... on level 8 of the Dungeon.
             The game lasted 00:47:01 (6496 turns).

Ice the Nimble (Minotaur Hunter)                    Turns: 6496, Time: 00:47:02

Health: -2/121     AC:  8    Str: 27    XL:     9   Next: 84%
Magic:  8/8        EV: 12    Int:  8    God:    Trog [**....]
Gold:   293        SH:  5    Dex: 12    Spells: 0 memorised, 8 levels left

rFire  . . .     SeeInvis .     A - +6 whip
rCold  . . .     Gourm    +     p - +0 chain mail
rNeg   . . .     Faith    .     J - +0 buckler
rPois  .         Spirit   .     (helmet restricted)
rElec  .         Reflect  .     (no cloak)
rCorr  +         Harm     .     (no gloves)
MR     .....                    (no boots)
Stlth  ..........               n - amulet of the gourmand
                                D - +3 ring of strength
                                F - ring of resist corrosion

@: berserking, very quick
A: retaliatory headbutt, horns 2
a: Berserk, Trog's Hand, Burn Spellbooks, Renounce Religion


You were on level 8 of the Dungeon.
You worshipped Trog.
Trog was pleased with you.
You were very full.

You visited 2 branches of the dungeon, and saw 9 of its levels.

You collected 293 gold pieces.

Inventory:

Hand Weapons
 a - a +1 hand crossbow
 d - a +0 hunting sling
 A - a +6 whip (weapon)
 E - a cursed +3 mace
 W - a +0 dagger of holy wrath
Missiles
 h - 281 stones (quivered)
 m - 54 arrows
 x - 40 poisoned needles
 N - 5 tomahawks
 R - 53 sling bullets
Armour
 p - a +0 chain mail (worn)
 z - a +2 scale mail of cold resistance
 J - a +0 buckler (worn)
 T - a +1 chain mail of magic resistance
Jewellery
 n - an amulet of the gourmand (around neck)
 D - a +3 ring of strength (right hand)
 F - a ring of resist corrosion (left hand)
Wands
 b - a wand of disintegration (14/24)
 v - a wand of paralysis (13/24)
 G - a wand of polymorph (19/24)
 P - a wand of paralysis (13/24)
Scrolls
 g - a scroll of noise {unknown}
 i - 2 scrolls of random uselessness {unknown}
 j - 2 scrolls of remove curse {unknown}
 q - 3 scrolls of magic mapping {unknown}
 r - 3 scrolls of fear
 u - a scroll of recharging
 w - a scroll of enchant weapon {unknown}
 y - 3 scrolls of enchant armour {unknown}
 U - 2 scrolls of teleportation {unknown}
Potions
 e - 3 potions of lignification
 k - a potion of mutation {unknown}
 l - a potion of berserk rage {unknown}
 B - a potion of might {unknown}
 H - a potion of cure mutation {unknown}
 L - a potion of invisibility {unknown}
 M - a potion of haste {unknown}
 O - 2 potions of ambrosia
 S - a potion of heal wounds {unknown}
Comestibles
 f - 12 bread rations
 o - 2 royal jellies
 t - 3 meat rations
 C - 5 fruits
 I - 4 beef jerkies
 Q - a slice of pizza
 V - 11 chunks of flesh


   Skills:
 - Level 8.0 Fighting
 - Level 7.1 Maces & Flails
 - Level 8.0 Crossbows
 - Level 1.4 Throwing
 - Level 8.3 Dodging
 + Level 0.7 Stealth
 - Level 6.3 Shields


You had 8 spell levels left.
You didn't know any spells.

Dungeon Overview and Level Annotations

Branches:
Dungeon (8/15)             Temple (1/1) D:5
   Lair: D:8-11

Altars:
Ashenzari
Cheibriados
Dithmenos
Elyvilon
Fedhas
Gozag
Hepliaklqana
Kikubaaqudgha
Makhleb
Nemelex Xobeh
Okawaru
Qazlal
Ru
Sif Muna
Trog
Uskayaw
Vehumet
Xom
Yredelemnul
Zin
The Shining One


Innate Abilities, Weirdness & Mutations

You reflexively headbutt those who attack you in melee.
You have a pair of horns on your head.


Message History

The centaur shoots an arrow.
The arrow hits you!
* * * LOW HITPOINT WARNING * * *
An orc wizard comes into view. It is wielding a dagger.
The orc wizard shouts!
A - a +6 whip (weapon)
The orc wizard moves out of view.
The centaur shoots an arrow.
The arrow hits you.
* * * LOW HITPOINT WARNING * * *
You hear a shout!
A red film seems to cover your vision as you go berserk!
You feel yourself moving faster!
You feel mighty!
The centaur shoots an arrow.
The arrow hits you!
* * * LOW HITPOINT WARNING * * *
An orc comes into view. It is wielding a mace.
You feel a strong urge to attack something.
An orc and an orc wizard come into view.
The orc shouts!
The orc wizard shouts!
The centaur unwields an uncursed shortbow.
The centaur hits you!
You die... ######### #.......## #........# #........# ######.#.# #...(#### #.. #.#..(@.# #..# #####.##.##c# #...###......#.# Kc#

#.#..#.......#.###Ko(
#.##.#..##...#.......#
................#
#o.o.
............##.##
.##.# .).......#..##.#
## o# .)##...#.#..# #


You could see a big kobold, 2 centaurs, 2 orc wizards, 2 orcs and a kobold.

Vanquished Creatures
  Joseph (D:7)
  Grinder (D:3)
  A hippogriff (D:7)
  Sigmund (D:4)
  A spriggan (D:7)
  3 ice beasts
  2 orc warriors
  A sky beast (D:5)
  3 ogres
  4 bullfrogs
  A water moccasin zombie (D:7)
  A scorpion (D:4)
  3 wights (D:7)
  4 crimson imps
  A centaur zombie (D:6)
  3 hounds
  2 bullfrog skeletons
  A jelly (D:7)
  4 orc priests
  Jessica (D:3)
  3 iguanas
  5 worker ants
  Ijyb (D:3)
  Natasha (thrice) (D:3)
  5 orc wizards
  A hound zombie (D:7)
  2 hound skeletons
  2 howler monkey skeletons
  4 gnolls (D:4)
  13 adders
  2 oozes (D:2)
  An adder zombie (D:7)
  An adder skeleton (D:6)
  3 dart slugs (D:1)
  3 leopard geckos
  13 orcs
  4 bats
  9 giant cockroaches
  12 goblins
  7 hobgoblins
  16 jackals
  4 quokkas
  6 frilled lizards
  A jackal zombie (D:6)
  9 kobolds
  A leopard gecko skeleton (D:6)
  6 rats
176 creatures vanquished.

Notes
Turn   | Place    | Note
-------+----------+-------------------------------------------
     0 | D:1      | Ice the Minotaur Hunter began the quest for the Orb.
     0 | D:1      | Reached XP level 1. HP: 18/18 MP: 0/0
   110 | D:1      | Reached skill level 5 in Crossbows
   110 | D:1      | Reached XP level 2. HP: 25/25 MP: 1/1
  1042 | D:2      | Reached XP level 3. HP: 30/30 MP: 2/2
  1321 | D:2      | Reached XP level 4. HP: 34/37 MP: 3/3
  1600 | D:3      | Noticed Ijyb
  1614 | D:3      | Killed Ijyb
  1682 | D:3      | Noticed Natasha
  1687 | D:3      | Killed Natasha
  1687 | D:3      | Reached skill level 5 in Dodging
  1957 | D:3      | Reached XP level 5. HP: 42/42 MP: 4/4
  2091 | D:3      | Reached skill level 1 in Maces & Flails
  2161 | D:3      | Noticed Natasha
  2166 | D:3      | Killed Natasha
  2361 | D:3      | Noticed Natasha
  2367 | D:3      | Killed Natasha
  2474 | D:3      | Noticed Jessica
  2476 | D:3      | Killed Jessica
  2476 | D:3      | Reached XP level 6. HP: 50/50 MP: 5/5
  2487 | D:3      | Noticed Grinder
  2487 | D:3      | Paralysed by Grinder for 5 turns
  2505 | D:3      | Killed Grinder
  2554 | D:3      | Found an iron altar of Okawaru.
  2750 | D:4      | Reached XP level 7. HP: 56/56 MP: 6/6
  3124 | D:4      | Noticed Sigmund
  3150 | D:4      | Killed Sigmund
  3150 | D:4      | Reached skill level 5 in Fighting
  3174 | D:4      | Reached skill level 1 in Throwing
  3386 | D:5      | Entered Level 5 of the Dungeon
  3386 | D:5      | Found a staircase to the Ecumenical Temple.
  3416 | Temple   | Entered the Ecumenical Temple
  3500 | Temple   | Became a worshipper of Trog the Wrathful
  3632 | D:5      | Reached XP level 8. HP: 54/70 MP: 7/7
  4165 | D:6      | Reached skill level 1 in Shields
  4167 | D:6      | Reached * piety under Trog
  4895 | D:7      | Reached skill level 5 in Shields
  4895 | D:7      | Reached XP level 9. HP: 74/75 MP: 8/8
  5101 | D:7      | Noticed Joseph
  5174 | D:7      | Killed Joseph
  5956 | D:7      | Found a shimmering altar of Xom.
  6090 | D:7      | Reached ** piety under Trog
  6495 | D:8      | HP: 5/121 [centaur/arrow (11)]
  6496 | D:8      | Slain by a centaur

Skill      XL: |  1  2  3  4  5  6  7  8  9 |
---------------+----------------------------+-----
Crossbows      | 5 7 8 |  8.0
Dodging        | 3 4 5 6 8 |  8.3
Maces & Flails | 4 6 7 |  7.1
Fighting       | 5 6 8 |  8.0
Throwing       | 1 |  1.4
Shields        | 5 6 |  6.3
Stealth        | |  0.7

Action                   |  1- 3 |  4- 6 |  7- 9 || total
-------------------------+-------+-------+-------++-------
Melee: Short sword       |     9 |    19 |       ||    28
       Flail             |       |    41 |       ||    41
       Headbutt          |       |    12 |    51 ||    63
       Whip              |       |    25 |   278 ||   303
 Fire: Hand crossbow     |    68 |    41 |   126 ||   235
Throw: Stone             |     1 |     8 |     9 ||    18
Invok: Burn Spellbooks   |       |       |     2 ||     2
       Berserk           |       |       |     3 ||     3
  Use: Scroll            |       |     3 |     9 ||    12
       Potion            |       |       |     2 ||     2
  Eat: Chunk             |     1 |     9 |    20 ||    30
Armor: Leather armour    |     7 |       |       ||     7
       Ring mail         |     1 |    23 |       ||    24
       Chain mail        |       |     4 |    88 ||    92
Dodge: Dodged            |    28 |    46 |    82 ||   156
Block: Buckler           |       |       |    25 ||    25
